 Dungeon Crawl Stone Soup version 0.23.2 (webtiles) character file.

Game seed: 678294674231182565

51 Gingko the Magician (level 3, -7/21 HPs)
             Began as an Octopode Wizard on Apr 6, 2019.
             Mangled by a gnoll
             ... wielding a +0 spear
              (11 damage)
             ... on level 4 of the Dungeon.
             The game lasted 00:09:15 (2573 turns).

Gingko the Magician (Octopode Wizard)               Turns: 2573, Time: 00:09:15

Health: -7/21      AC:  1    Str:  6    XL:     3   Next: 81%
Magic:  7/8        EV: 13    Int: 21    God:
Gold:   63         SH:  0    Dex: 10    Spells: 4/9 levels left

rFire    . . .     SeeInvis .   g - +2 short sword (protect)
rCold    . . .     Gourm    .   (no shield)
rNeg     . . .     Faith    .   a - +0 hat
rPois    .         Spirit   .   (no amulet)
rElec    .         Reflect  .   (no ring)
rCorr    .         Harm     .   (no ring)
MR       .....                  (no ring)
Stlth    +++.......             (no ring)
HPRegen  0.07/turn              (no ring)
MPRegen  0.11/turn              (no ring)
                                (no ring)
                                (no ring)

@: no status effects
A: almost no armour, stealthy swim, amphibious, 8 rings, constrict 8, camouflage
1, gelatinous body 1
a: no special abilities


You were on level 4 of the Dungeon.
You were hungry.

You visited 1 branch of the dungeon, and saw 4 of its levels.

You collected 63 gold pieces.

Inventory:

Hand Weapons
 e - a +0 whip
 g - a +2 short sword of protection (weapon)
Missiles
 b - 65 stones (quivered)
Armour
 a - a +0 hat (worn)
Jewellery
 h - an uncursed amulet of the gourmand {unknown}
Scrolls
 d - a scroll of fear {unknown}
 f - a scroll of blinking {unknown}
 i - 2 scrolls of remove curse {unknown}
 j - a scroll of amnesia {unknown}
Comestibles
 c - 4 rations


   Skills:
 - Level 2.0 Dodging
 - Level 3.0 Stealth
 + Level 3.7 Spellcasting
 + Level 2.3 Conjurations
 - Level 1.0 Summonings
 - Level 1.0 Translocations


You had 4 spell levels left.
You knew the following spells:

 Your Spells              Type           Power        Failure   Level  Hunger
a - Magic Dart            Conj           ##..         4%          1    None
b - Blink                 Tloc           N/A          12%         2    ##.....
c - Call Imp              Summ           #.......     12%         2    ##.....

Your spell library contained the following spells:

 Spells                   Type           Power        Failure   Level  Hunger
 Slow                     Hex            #.......     19%         2    ##.....
 Conjure Flame            Conj/Fire      #.......     22%         3    ###....
 Mephitic Cloud           Conj/Pois/Air  #.......     26%         3    ###....


Dungeon Overview and Level Annotations

Branches:
Dungeon (4/15)
 Temple: D:4-7

Altars:
Fedhas

Annotations:
D:3 1 runed translucent door, Marnok's ghost, amateur DgAr


Innate Abilities, Weirdness & Mutations

You cannot wear most types of armour.
You are very stealthy in the water. (Stealth+)
You are amphibious.
You can wear up to eight rings at the same time.
You can use your tentacles to constrict eight enemies at once.
Your skin changes colour to match your surroundings (Stealth+).
Your rubbery body absorbs attacks. (AC +1, EV +1)


Message History

c - 4 rations (gained 1)
There is a stone staircase leading up here.
You climb upwards.
Level annotation: 1 runed translucent door, Marnok's ghost, amateur DgAr The gnoll hits you with a +0 spear!
There is a stone staircase leading down here.
The gnoll hits you with a +0 spear!
* * * LOW HITPOINT WARNING * * *
You climb downwards.
There is a stone staircase leading up here.
Casting: Magic Dart (safe; 4% risk of failure)
Confirm with . or Enter, or press ? or * to list all spells.
Aiming: Magic Dart (safe; 4% risk of failure)
Press: ? - help, Shift-Dir - straight line, f - gnoll
Aim: a gnoll, wielding a +0 spear The magic dart hits the gnoll.
The gnoll is lightly wounded.
The gnoll hits you with a +0 spear!
Ouch! That really hurt!
You die...

#.....#
.....##
....
#.#####
#.....#
#.###.# #.#
#g###.#
#@..(.#
#.###.#####
#.....#
#####.# #.#
#.# #.# #.#
#.#


You could see a gnoll.

Vanquished Creatures
  A gnoll (D:3)
  3 hobgoblins
  3 quokkas
  4 bats
  3 frilled lizards
  2 goblins
  5 kobolds
  6 rats
27 creatures vanquished.

Vanquished Creatures (collateral kills)
  Natasha (D:2)
1 creature vanquished.

Grand Total: 28 creatures vanquished

Notes
Turn   | Place    | Note
-------+----------+-------------------------------------------
     0 | D:1      | Gingko the Octopode Wizard began the quest for the Orb.
     0 | D:1      | Reached XP level 1. HP: 11/11 MP: 4/4
   728 | D:1      | Reached XP level 2. HP: 17/17 MP: 1/6
  1528 | D:2      | Noticed Natasha
  1532 | D:2      | Learned a level 2 spell: Blink
  1535 | D:2      | Learned a level 2 spell: Call Imp
  1544 | D:2      | Killed Natasha
  1544 | D:2      | Reached XP level 3. HP: 8/21 MP: 1/8
  1779 | D:2      | Found a blossoming altar of Fedhas.
  1959 | D:3      | Found a runed translucent door.
  1976 | D:3      | Noticed a bullfrog
  1979 | D:3      | Noticed Marnok's ghost (amateur DgAr)
  2573 | D:4      | Mangled by a gnoll

Skill      XL: |  1  2  3 |
---------------+----------+-----
Conjurations   | 2 |  2.3
Stealth        | 3 |  3.0
Dodging        | |  2.0
Spellcasting   | |  3.7
Summonings     | |  1.0
Translocations | |  1.0

Action                   || total
-------------------------++-------
Melee: Short sword       ||    12
       Whip              ||     2
       Constrict         ||     3
       Tentacles         ||     3
 Cast: Magic Dart        ||    63
       Call Imp          ||     3
  Eat: Chunk             ||     4
Armor: Skin              ||     4
Dodge: Dodged            ||    16
